 Dungeon Crawl Stone Soup version 0.29-a0-668-g12ee2bf84d (webtiles) character file.

Game seed: 1834194292166789318

100 happo123 the Digger (level 4, -2/25 HPs)
             Began as a Gargoyle Earth Elementalist on June 23, 2022.
             Slain by a goblin
             ... wielding a +1 dagger of speed
             ... led by Robin
              (5 damage)
             ... on level 2 of the Dungeon.
             The game lasted 00:10:19 (1674 turns).

happo123 the Digger (Gargoyle Earth Elementalist)   Turns: 1674, Time: 00:10:23

Health: -2/25      AC:  5    Str: 11    XL:     4   Next: 74%
Magic:  6/7        EV: 12    Int: 18    God:
Gold:   114        SH:  0    Dex: 16    Spells: 3/7 levels left

rFire   . . .      SeeInvis .   l - +0 whip
rCold   . . .      Faith    .   (no shield)
rNeg    + . .      Spirit   .   a - +0 robe
rPois   ∞          Reflect  .   (no helmet)
rElec   +          Harm     .   (no cloak)
rCorr   .          Rampage  .   (no gloves)
Will    .....                   (no boots)
Stlth   ++........              (no amulet)
HPRegen 0.08/turn               n - +6 ring of dexterity
MPRegen 0.10/turn               (no ring)

@: no status effects
A: sickness immunity, AC +3, negative energy resistance 1, electricity
resistance, torment resistance 1, petrification resistance
a: no special abilities


You were on level 2 of the Dungeon.
You visited 1 branch of the dungeon, and saw 2 of its levels.

You collected 114 gold pieces.

Inventory:

Hand Weapons
 d - a +0 dagger
 l - a +0 whip (weapon)
Armour
 a - a +0 robe (worn)
Jewellery
 n - a +6 ring of dexterity (left hand)
Scrolls
 g - 2 scrolls of summoning {unknown}
 i - a scroll of magic mapping {unknown}
 j - a scroll of blinking {unknown}
 o - a scroll of amnesia {unknown}
Potions
 b - a potion of magic
 c - 2 potions of flight {unknown}
 e - a potion of mutation {unknown}
 f - a potion of lignification {unknown}
 h - 2 potions of attraction {unknown}
 k - 2 potions of heal wounds {unknown}
 m - a potion of invisibility {unknown}


   Skills:
 + Level 1.3 Fighting
 + Level 1.2 Armour
 + Level 2.0 Dodging
 + Level 2.8 Stealth
 + Level 2.3 Spellcasting
 + Level 1.2 Transmutations
 * Level 4.6 Earth Magic


You had 3 spell levels left.
You knew the following spells:

 Your Spells              Type           Power      Damage    Failure   Level
a - Sandblast             Erth           36%        2d10      2%          1
b - Stone Arrow           Conj/Erth      20%        3d8       21%         3

Your spell library contained the following spells:

 Spells                   Type           Power      Damage    Failure   Level
 Passwall                 Tmut/Erth      10%        N/A       8%          2
 Petrify                  Tmut/Erth      12%        N/A       45%         4


Dungeon Overview and Level Annotations

Branches:
Dungeon (2/15)

Altars:

Shops:
D:1 (

Annotations:
D:2 Robin


Innate Abilities, Weirdness & Mutations

You are immune to sickness and miasma.
Your stone body is resilient. (AC +3)
You are immune to poison.
You resist negative energy. (rN+)
You are resistant to electric shocks. (rElec)
You are resistant to unholy torment.
You are immune to petrification.


Message History

You hit the goblin.
You kill the goblin!
You hit the goblin.
The goblin is severely wounded.
The goblin barely misses you. Robin throws the goblin at you!
The goblin hits you with a +0 club. The goblin barely misses you. x2
You closely miss the goblin.
The goblin is severely wounded.
The goblin barely misses you. x2
You closely miss the goblin.
The goblin is severely wounded.
The goblin closely misses you. x2
You hit the goblin.
You kill the goblin!
The goblin misses you.
You barely miss the goblin. The goblin closely misses you.
Robin says, "Bow before me, strongest of all the hobgoblins!"
The goblin misses you.
You hit the goblin but do no damage. The goblin closely misses you.
The goblin barely misses you.
You hit the goblin.
The goblin is severely wounded.
The goblin closely misses you. The goblin hits you with a +0 club.
You hit the goblin.
You kill the goblin!
Robin throws the goblin at you! The goblin misses you.
The goblin barely misses you.
The goblin hits you with a +1 dagger of speed.
Aiming: Sandblast (safe; 2% risk of failure)
Press: ? - help, Q - select action Shift-Dir - straight line, f - Robin
Aim: Robin, wielding a +0 club, wearing a +0 animal skin and wearing a +0 helmet (85% to hit)
The blast of sand hits Robin.
Robin is moderately wounded.
The goblin hits you with a +0 club. The goblin barely misses you.
The goblin hits you with a +1 dagger of speed.
* * * LOW HITPOINT WARNING * * *
The goblin hits you with a +0 club.
* * * LOW HITPOINT WARNING * * *
The goblin hits you with a +1 dagger of speed.
You die...

## #.#
#.....#
#.###.#
#.#
#######
#..#.##
#.# #.#.##
## #.#
#.### .#
#.# #.# .#
... #.# .#
########.#
.#
#.g......#
.#
#@########
.#
....gg)g#
.#
#########
## ######
.....#
####.# #.#
####.#


You could see Robin and 3 goblins.

Vanquished Creatures
  Natasha (D:2)
  3 adders (D:2)
  A worm (D:2)
  4 ball pythons
  5 endoplasms
  2 giant cockroaches (D:1)
  3 hobgoblins
  3 jackals (D:2)
  A quokka (D:2)
  2 bats
  6 frilled lizards
  6 goblins
  4 kobolds
  3 rats
44 creatures vanquished.

Notes
Turn   | Place    | Note
-------+----------+-------------------------------------------
     0 | D:1      | happo123 the Gargoyle Earth Elementalist began the quest
                  | for the Orb.
     0 | D:1      | Reached XP level 1. HP: 10/10 MP: 3/3
   222 | D:1      | Found a faded altar of an unknown god.
   377 | D:1      | Reached XP level 2. HP: 16/16 MP: 3/5
   621 | D:1      | Reached skill level 4 in Earth Magic
   667 | D:1      | Found Xuthustro's Weapon Shop.
   676 | D:1      | Reached skill level 1 in Transmutations
   906 | D:2      | Reached XP level 3. HP: 13/20 MP: 2/6
   941 | D:2      | Learned a level 3 spell: Stone Arrow
  1284 | D:2      | Reached skill level 1 in Fighting
  1501 | D:2      | Reached XP level 4. HP: 22/25 MP: 7/7
  1516 | D:2      | Noticed Natasha
  1520 | D:2      | Killed Natasha
  1521 | D:2      | Reached skill level 1 in Armour
  1664 | D:2      | Noticed Robin
  1674 | D:2      | Slain by a goblin

Illustrated notes

Levels and vault maps discovered:
D:1:      lordsloth_arrival_two_stooges, layout_loops_corners,
          basic_ecumenical_altar, serial_shops, shop, nrook_uturn
D:2:      layout_loops_cross, chequers_arboretum, uniq_crazy_yiuf_cottage,
          uniq_robin, uniq_natasha

Skill      XL: |  1  2  3  4 |
---------------+-------------+-----
Earth Magic    | 4 |  4.6
Transmutations | 1 |  1.2
Fighting       | 1 |  1.3
Armour         | 1 |  1.2
Dodging        | 2 |  2.0
Stealth        | |  2.8
Spellcasting   | |  2.3

Action                   |  1- 3 |  4- 6 || total
-------------------------+-------+-------++-------
Melee: Dagger            |    19 |       ||    19
       Whip              |     7 |    20 ||    27
 Cast: Sandblast         |    36 |     6 ||    42
       Stone Arrow       |     1 |     1 ||     2
 Stab: Sleeping          |     3 |       ||     3
Armor: Robe              |    15 |     3 ||    18
Dodge: Dodged            |    29 |    27 ||    56

Table legend: (Time is in decaauts)
 A = Elapsed time spent in this place.
 B = Non-inter-level travel time spent in this place.
 C = Inter-level travel time spent in this place.
 D = Time resting spent in this place.
 E = Time spent auto-exploring this place.
 F = Levels seen in this place.
 G = Mean time per level.
                   A        B        C        D        E       F      G
               +--------+--------+--------+--------+--------+-----+--------+
         Total |   1720 |   1276 |    444 |    236 |    696 |   2 |  860.0 |
       Dungeon |   1720 |   1276 |    444 |    236 |    696 |   2 |  860.0 |
               +--------+--------+--------+--------+--------+-----+--------+

Top non-repeatable levels by time:
     D:1: 891 daAuts
     D:2: 829 daAuts
